BSA
VISTA PANTHERS @ PORTLAND CARDS
09/28/2030
 
TOP OF THE 1ST
Vista Panthers batting - Pitching for Portland Cards : RHP Víctor Hernández
Pitching: RHP Víctor Hernández
Batting: RHB Stephen Wilson 0-0: Called Strike
0-1: Ball
1-1: Foul Ball, location: 2F
1-2: Foul Ball, location: 2F
1-2: Ground out 5-3 (Groundball, 56)
Batting: LHB Clyde Yarbrough 0-0: DOUBLE (Flyball, 78D)
Batting: RHB Jake Reeves 0-0: Foul Ball, location: 2F
0-1: Ball
1-1: Fly out, F8 (Flyball, 78XD)
Runner from 2nd tags up, SAFE at 3rd, no throw
Batting: LHB Dante Owens 0-0: Ball
1-0: Foul Ball, location: 2F
1-1: Foul Ball, location: 2F
1-2: Foul Ball, location: 2F
1-2: Ball
2-2: Foul Ball, location: 2F
2-2: Ball
3-2: Foul Ball, location: 2F
3-2: Ground out 1-3 (Groundball, P)
Top of the 1st over - 0 runs, 1 hit, 0 errors, 1 left on base; Vista 0 - Portland 0
BOTTOM OF THE 1ST
Portland Cards batting - Pitching for Vista Panthers : RHP Javier Moreno
Pitching: RHP Javier Moreno
Batting: RHB Carlos Sánchez 0-0: Ball
1-0: Ball
2-0: Called Strike
2-1: Foul Ball, location: 2F
2-2: Ground out U3 (Groundball, 34)
Batting: LHB Leonardo Medina 0-0: Called Strike
0-1: Foul Ball, location: 2F
0-2: Ground out 1-3 (Groundball, 13S)
Batting: SHB Marvin Harris 0-0: Called Strike
0-1: Fly out, F8 (Flyball, 8LM)
Bottom of the 1st over - 0 runs, 0 hits, 0 errors, 0 left on base; Vista 0 - Portland 0
TOP OF THE 2ND
Vista Panthers batting - Pitching for Portland Cards : RHP Víctor Hernández
Batting: LHB Noriaki Sangi 0-0: Foul Ball, location: 2F
0-1: Ball
1-1: Foul Ball, location: 2F
1-2: Ball
2-2: Ball
3-2: Foul Ball, location: 2F
3-2: Foul Ball, location: 2F
3-2: SINGLE (Groundball, 34D)
Batting: RHB Johnny Williams 0-0: Called Strike
0-1: Ball
1-1: Ball
2-1: Ball
3-1: Foul Ball, location: 2F
3-2: Base on Balls
Noriaki Sangi to second
Batting: RHB Justin Burgess 0-0: Ground out 5-3 (Groundball, 56S)
Noriaki Sangi to third
Johnny Williams to second
Batting: RHB Luis Ríos 0-0: Foul Ball, location: 2F
0-1: Ground out 5-3 (Groundball, 56)
Noriaki Sangi scores
Batting: LHB Ramiro Martínez 0-0: Called Strike
0-1: Foul Ball, location: 2F
0-2: Strikes out looking
Top of the 2nd over - 1 run, 1 hit, 0 errors, 1 left on base; Vista 1 - Portland 0
BOTTOM OF THE 2ND
Portland Cards batting - Pitching for Vista Panthers : RHP Javier Moreno
Batting: LHB Troy Donaldson 0-0: Ball
1-0: Ball
2-0: Ground out 5-3 (Groundball, 56S)
Batting: SHB Giancarlo Giannini 0-0: Ground out U3 (Groundball, 3S)
Batting: SHB Felipe Castro 0-0: Foul Ball, location: 2F
0-1: Called Strike
0-2: Fly out, F8 (Flyball, 8LD)
Bottom of the 2nd over - 0 runs, 0 hits, 0 errors, 0 left on base; Vista 1 - Portland 0
TOP OF THE 3RD
Vista Panthers batting - Pitching for Portland Cards : RHP Víctor Hernández
Batting: RHB Stephen Wilson 0-0: Called Strike
0-1: Swinging Strike
0-2: Ball
1-2: Ball
2-2: Ball
3-2: SINGLE (Line Drive, 8LS)
Batting: LHB Clyde Yarbrough 0-0: Ball
1-0: Foul Ball, location: 2F
1-1: Grounds into double play, 5-4-3 (Groundball, 5)
Batting: RHB Jake Reeves 0-0: Ball
1-0: Ball
2-0: Ball
3-0: Base on Balls
Batting: LHB Dante Owens 0-0: Ball
1-0: Ball
2-0: Called Strike
2-1: Ball
3-1: Base on Balls
Jake Reeves to second
Batting: LHB Noriaki Sangi 0-0: Ball
1-0: Foul Ball, location: 2F
1-1: Foul Ball, location: 2F
1-2: Foul Ball, location: 2F
1-2: SINGLE (Line Drive, 6M)
Jake Reeves to third
Dante Owens to second
Runner from 3rd tries for Home, SAFE, no throw
Batting: RHB Johnny Williams 0-0: Ball
1-0: Swinging Strike
1-1: Called Strike
1-2: Ball
2-2: Ball
3-2: Base on Balls
Dante Owens to third
Noriaki Sangi to second
Batting: RHB Justin Burgess 0-0: Fielders Choice at 2nd, 6-4 (Groundball, 6)
Top of the 3rd over - 1 run, 2 hits, 0 errors, 3 left on base; Vista 2 - Portland 0
BOTTOM OF THE 3RD
Portland Cards batting - Pitching for Vista Panthers : RHP Javier Moreno
Batting: SHB Ken Hernández 0-0: Foul Ball, location: 2F
0-1: Swinging Strike
0-2: Ball
1-2: Fly out, F8 (Line Drive, 78S)
Batting: RHB Mario Méndez 0-0: Ground out 5-3 (Groundball, 56S)
Batting: SHB Todd Smith 0-0: Ball
1-0: Ball
2-0: Called Strike
2-1: Foul Ball, location: 2F
2-2: SINGLE (Line Drive, 89S)
Batting: RHB Carlos Sánchez 0-0: Ball
1-0: Ball
2-0: Ball
3-0: Base on Balls
Todd Smith to second
Batting: LHB Leonardo Medina 0-0: Foul Ball, location: 2F
0-1: Foul Ball, location: 2F
0-2: Ground out U3 (Groundball, 3L)
Bottom of the 3rd over - 0 runs, 1 hit, 0 errors, 2 left on base; Vista 2 - Portland 0
TOP OF THE 4TH
Vista Panthers batting - Pitching for Portland Cards : RHP Víctor Hernández
Batting: RHB Luis Ríos 0-0: Ball
1-0: Ground out 6-3 (Groundball, 6)
Batting: LHB Ramiro Martínez 0-0: Reached on error, E5 (Popup, 56S)
Batting: RHB Stephen Wilson 0-0: Ball
1-0: Foul Ball, location: 2F
1-1: Called Strike
1-2: Ball
2-2: Foul Ball, location: 2F
2-2: 2-RUN HOME RUN (Flyball, 7D), Distance : 363 ft
Batting: LHB Clyde Yarbrough 0-0: Called Strike
0-1: Foul Ball, location: 2F
0-2: Ground out U3 (Groundball, 3)
Batting: RHB Jake Reeves 0-0: Called Strike
0-1: Ball
1-1: Called Strike
1-2: Ball
2-2: Ball
3-2: SINGLE (Line Drive, 8LS)
Batting: LHB Dante Owens 0-0: Foul Ball, location: 2F
0-1: Ball
1-1: Fly out, F9 (Flyball, 9S)
Top of the 4th over - 2 runs, 2 hits, 1 error, 1 left on base; Vista 4 - Portland 0
BOTTOM OF THE 4TH
Portland Cards batting - Pitching for Vista Panthers : RHP Javier Moreno
Batting: SHB Marvin Harris 0-0: Ball
1-0: Fly out, F7 (Flyball, 7S)
Batting: LHB Troy Donaldson 0-0: Ball
1-0: Ball
2-0: Called Strike
2-1: Called Strike
2-2: Ball
3-2: Ground out 4-3 (Groundball, 34)
Batting: SHB Giancarlo Giannini 0-0: Ball
1-0: Called Strike
1-1: SINGLE (Groundball, 4D)
Batting: SHB Felipe Castro 0-0: Fly out, F9 (Flyball, 9LM)
Bottom of the 4th over - 0 runs, 1 hit, 0 errors, 1 left on base; Vista 4 - Portland 0
TOP OF THE 5TH
Vista Panthers batting - Pitching for Portland Cards : RHP Víctor Hernández
Batting: LHB Noriaki Sangi 0-0: Ground out U3 (Groundball, 34S)
Batting: RHB Johnny Williams 0-0: Ball
1-0: Ball
2-0: Ball
3-0: Called Strike
3-1: Base on Balls
Batting: RHB Justin Burgess 0-0: Ground out 4-3 (Groundball, 4S)
Johnny Williams to second
Batting: RHB Luis Ríos 0-0: Ball
1-0: Ball
2-0: Foul Ball, location: 2F
2-1: Ball
3-1: Foul Ball, location: 2F
3-2: Base on Balls
Batting: LHB Ramiro Martínez 0-0: Ball
1-0: Called Strike
1-1: Ground out 5-3 (Groundball, 56)
Top of the 5th over - 0 runs, 0 hits, 0 errors, 2 left on base; Vista 4 - Portland 0
BOTTOM OF THE 5TH
Portland Cards batting - Pitching for Vista Panthers : RHP Javier Moreno
Batting: SHB Ken Hernández 0-0: Ball
1-0: Ball
2-0: Ball
3-0: Swinging Strike
3-1: Foul Ball, location: 2F
3-2: Base on Balls
Batting: RHB Mario Méndez 0-0: Called Strike
0-1: Ball
1-1: Foul Ball, location: 2F
1-2: SINGLE (Groundball, 6MD)
Ken Hernández to second
Runner from 2nd tries for 3rd, SAFE, no throw
Batting: SHB Todd Smith 0-0: Grounds into double play, 4-6-3 (Groundball, 4)
Ken Hernández scores
Batting: RHB Carlos Sánchez 0-0: Called Strike
0-1: SINGLE (Groundball, 34D)
Batting: LHB Leonardo Medina 0-0: Ball
Carlos Sánchez steals 2nd base
1-0: Foul Ball, location: 2F
1-1: DOUBLE (Groundball, 3L)
Carlos Sánchez scores
Batting: SHB Marvin Harris 0-0: Ball
1-0: Ball
2-0: Ball
3-0: Base on Balls
Batting: LHB Troy Donaldson 0-0: Ball
1-0: Ball
2-0: Swinging Strike
2-1: Swinging Strike
2-2: Strikes out looking
Bottom of the 5th over - 2 runs, 3 hits, 0 errors, 2 left on base; Vista 4 - Portland 2
TOP OF THE 6TH
Vista Panthers batting - Pitching for Portland Cards : RHP Víctor Hernández
Pitching: RHP Robbie O'Neil
Batting: RHB Stephen Wilson 0-0: Called Strike
0-1: Ball
1-1: Foul Ball, location: 2F
1-2: Ball
2-2: Fly out, F6 (Line Drive, 6M)
Batting: LHB Clyde Yarbrough 0-0: Ball
1-0: Foul Ball, location: 2F
1-1: Foul Ball, location: 2F
1-2: SOLO HOME RUN (Flyball, 7D), Distance : 360 ft
Batting: RHB Jake Reeves 0-0: Called Strike
0-1: Ball
1-1: Ball
2-1: Foul Ball, location: 2F
2-2: Ball
3-2: Base on Balls
Batting: LHB Dante Owens 0-0: Ball
1-0: Ball
2-0: Foul Ball, location: 2F
2-1: SINGLE (Flyball, 7LS)
Jake Reeves to second
Batting: LHB Noriaki Sangi 0-0: Ball
1-0: Ball
2-0: Called Strike
2-1: Foul Ball, location: 2F
2-2: Fly out, F7 (Flyball, 7D)
Batting: RHB Johnny Williams 0-0: Called Strike
0-1: Called Strike
0-2: Foul Ball, location: 2F
0-2: Ball
1-2: Ball
2-2: SINGLE (Groundball, 6MD)
Jake Reeves to third
Dante Owens to second
Runner from 3rd tries for Home, SAFE, no throw
Pitching: RHP Taylor Bowen
Batting: RHB Justin Burgess 0-0: Foul Ball, location: 2F
0-1: DOUBLE (Flyball, 89D)
Dante Owens scores
Johnny Williams to third
Batting: RHB Luis Ríos 0-0: Called Strike
0-1: Ball
1-1: Fly out, F8 (Line Drive, 8LD)
Top of the 6th over - 3 runs, 4 hits, 0 errors, 2 left on base; Vista 7 - Portland 2
BOTTOM OF THE 6TH
Portland Cards batting - Pitching for Vista Panthers : RHP Javier Moreno
Batting: SHB Giancarlo Giannini 0-0: Ball
1-0: Ground out 1-3 (Groundball, 15S)
Batting: SHB Felipe Castro 0-0: Ball
1-0: Ball
2-0: Called Strike
2-1: Ball
3-1: Foul Ball, location: 2F
3-2: Fly out, F9 (Flyball, 9S)
Batting: SHB Ken Hernández 0-0: Called Strike
0-1: DOUBLE (Groundball, 3L)
Batting: RHB Mario Méndez 0-0: Called Strike
0-1: Foul Ball, location: 2F
0-2: Strikes out swinging
Bottom of the 6th over - 0 runs, 1 hit, 0 errors, 1 left on base; Vista 7 - Portland 2
TOP OF THE 7TH
Vista Panthers batting - Pitching for Portland Cards : RHP Taylor Bowen
Batting: LHB Ramiro Martínez 0-0: Ball
1-0: Ground out 3-1 (Groundball, 34)
Batting: RHB Stephen Wilson 0-0: Swinging Strike
0-1: Ball
1-1: Swinging Strike
1-2: Ball
2-2: Ground out 4-3 (Groundball, 4)
Batting: LHB Clyde Yarbrough 0-0: Called Strike
0-1: Called Strike
0-2: Ball
1-2: Ball
2-2: Ball
3-2: Ground out 4-3 (Groundball, 4M)
Top of the 7th over - 0 runs, 0 hits, 0 errors, 0 left on base; Vista 7 - Portland 2
BOTTOM OF THE 7TH
Portland Cards batting - Pitching for Vista Panthers : RHP Javier Moreno
Batting: SHB Todd Smith 0-0: SOLO HOME RUN (Flyball, 9D), Distance : 361 ft
Batting: RHB Carlos Sánchez 0-0: Called Strike
0-1: SINGLE (Groundball, 6MD)
Batting: LHB Leonardo Medina 0-0: SINGLE (Groundball, 3D)
Carlos Sánchez to second
Runner from 2nd tries for 3rd, OUT!
Batting: SHB Marvin Harris 0-0: Swinging Strike
0-1: Fly out, F7 (Flyball, 7LS)
Batting: LHB Troy Donaldson 0-0: Ball
Wild Pitch!
Leonardo Medina to second
1-0: Ball
2-0: Called Strike
2-1: Ball
3-1: 2-RUN HOME RUN (Flyball, 7LD), Distance : 327 ft
Pitching: LHP António Martínez
Batting: SHB Giancarlo Giannini 0-0: Called Strike
0-1: Swinging Strike
0-2: Strikes out swinging
Bottom of the 7th over - 3 runs, 4 hits, 0 errors, 0 left on base; Vista 7 - Portland 5
TOP OF THE 8TH
Vista Panthers batting - Pitching for Portland Cards : RHP Taylor Bowen
Batting: RHB Jake Reeves 0-0: Called Strike
0-1: Swinging Strike
0-2: Ball
1-2: SOLO HOME RUN (Flyball, 7LD), Distance : 318 ft
Batting: LHB Dante Owens 0-0: Foul Ball, location: 2F
0-1: Foul Ball, location: 2F
0-2: Foul Ball, location: 2F
0-2: Ball
1-2: Ball
2-2: Foul Ball, location: 2F
2-2: Fly out, F9 (Line Drive, 9LD)
Batting: LHB Noriaki Sangi 0-0: Ball
1-0: Called Strike
1-1: Foul Ball, location: 2F
1-2: Ball
2-2: Foul Ball, location: 2F
2-2: Fly out, F6 (Popup, P)
Batting: RHB Johnny Williams 0-0: Ball
1-0: Ball
2-0: Called Strike
2-1: Swinging Strike
2-2: Ball
3-2: Fly out, F8 (Flyball, 89D)
Top of the 8th over - 1 run, 1 hit, 0 errors, 0 left on base; Vista 8 - Portland 5
BOTTOM OF THE 8TH
Portland Cards batting - Pitching for Vista Panthers : LHP António Martínez
Now at 1B: Francisco Medina
Batting: SHB Felipe Castro 0-0: Ball
1-0: Ball
2-0: Foul Ball, location: 2F
2-1: Swinging Strike
2-2: Strikes out swinging
Batting: SHB Ken Hernández 0-0: Ball
1-0: Ball
2-0: Ball
3-0: Called Strike
3-1: Base on Balls
Batting: RHB Mario Méndez 0-0: SINGLE (Groundball, 4D)
Ken Hernández to second
Runner from 2nd tries for 3rd, SAFE, no throw
Batting: SHB Todd Smith 0-0: Fielders Choice at 2nd, 6-4 (Groundball, 56)
Ken Hernández scores
Batting: RHB Carlos Sánchez 0-0: Called Strike
0-1: Fly out, F3 (Popup, 23F)
Bottom of the 8th over - 1 run, 1 hit, 0 errors, 1 left on base; Vista 8 - Portland 6
TOP OF THE 9TH
Vista Panthers batting - Pitching for Portland Cards : RHP Taylor Bowen
Pitching: LHP Allan Bader
Batting: RHB Justin Burgess 0-0: Ball
1-0: Called Strike
1-1: Ball
2-1: SINGLE (Popup, 3D)
Batting: RHB Luis Ríos 0-0: Ball
1-0: Sac Bunt - play at first, batter OUT! 5-4
Justin Burgess to second
Batting: LHB Ramiro Martínez 0-0: Fly out, F6 (Popup, 6MS)
Batting: RHB Stephen Wilson 0-0: Foul Ball, location: 2F
0-1: Ball
1-1: Swinging Strike
1-2: Foul Ball, location: 2F
1-2: Foul Ball, location: 2F
1-2: Fly out, F7 (Flyball, 78M)
Top of the 9th over - 0 runs, 1 hit, 0 errors, 1 left on base; Vista 8 - Portland 6
BOTTOM OF THE 9TH
Portland Cards batting - Pitching for Vista Panthers : LHP António Martínez
Batting: LHB Leonardo Medina 0-0: Ball
1-0: SINGLE (Groundball, 6MD)
Batting: SHB Marvin Harris 0-0: Ball
1-0: Foul Ball, location: 2F
1-1: Swinging Strike
1-2: Fly out, F5 (Popup, 56)
Batting: LHB Troy Donaldson 0-0: Swinging Strike
0-1: Ball
1-1: Called Strike
1-2: Foul Ball, location: 2F
1-2: Ball
2-2: Foul Ball, location: 2F
2-2: Strikes out swinging
Pitching: RHP David Simpson
Batting: SHB Giancarlo Giannini 0-0: Fielders Choice at 2nd, 5-4 (Groundball, 5L)
Bottom of the 9th over - 0 runs, 1 hit, 0 errors, 1 left on base; Vista 8 - Portland 6
Saturday, April 7th, 2018 - OOTP Baseball 18.8 Build 76